 Dungeon Crawl Stone Soup version 0.23.2-1-ga50397a6bc (webtiles) character file.

Game seed: 13033484434727451834

441 Lennu the Cudgeler (level 6, -13/72 HPs)
             Began as a Demonspawn Berserker on Apr 27, 2019.
             Was a Believer of Trog.
             Killed by divine providence
             ... invoked by an orc priest
              (16 damage)
             ... on level 4 of the Dungeon.
             The game lasted 00:07:40 (4673 turns).

Lennu the Cudgeler (Demonspawn Berserker)           Turns: 4673, Time: 00:07:40

Health: -13/72     AC: 23    Str: 20    XL:     6   Next: 71%
Magic:  6/6        EV:  2    Int:  8    God:    Trog [**....]
Gold:   209        SH:  0    Dex: 11    Spells: 5/5 levels left

rFire    . . .     SeeInvis +   q - +0 flail
rCold    . . .     Gourm    .   (no shield)
rNeg     + + +     Faith    .   (armour currently unavailable)
rPois    +         Spirit   .   (helmet currently unavailable)
rElec    .         Reflect  .   (cloak currently unavailable)
rCorr    .         Harm     .   (gloves currently unavailable)
MR       +....     Clarity  +   (boots currently unavailable) Stlth ++........NoTele +
                                k - amulet of the acrobat
HPRegen  0.22/turn              h - ring of protection from magic
MPRegen  0.10/turn              i - -3 ring of dexterity (curse)

@: tree-form, berserk cooldown, slowed, very slow
A: see invisible, clarity, strong 1, flame cloud immunity
a: Berserk, Trog's Hand, Renounce Religion


You were on level 4 of the Dungeon.
You worshipped Trog.
Trog was pleased with you.
You were very hungry.
You were a tree.
You visited 1 branch of the dungeon, and saw 4 of its levels.

You collected 209 gold pieces.

Inventory:

Hand Weapons
 q - a +0 flail (weapon)
Armour
 d - a scarf of resistance (melded)
 l - a +1 pair of boots
 n - a +2 cloak of magic resistance
 s - a cursed +0 pair of boots (melded)
 u - a +0 chain mail (melded)
 x - a +1 cloak
Jewellery
 a - a +3 ring of strength
 h - a ring of protection from magic (left branch)
 i - a cursed -3 ring of dexterity (right branch)
 j - an uncursed ring of magical power
 k - an amulet of the acrobat (around neck)
 p - an uncursed ring of protection from fire {unknown}
Wands
 r - a wand of acid (5)
 y - a wand of digging (7)
Scrolls
 t - a scroll of immolation {unknown}
 v - 2 scrolls of enchant armour {unknown}
 w - 2 scrolls of blinking {unknown}
 z - a scroll of identify
Potions
 f - a potion of lignification
 g - 2 potions of heal wounds {unknown}
 m - 2 potions of curing {unknown}
 o - a potion of agility {unknown}
Comestibles
 b - a chunk of flesh
 c - 7 rations


   Skills:
 + Level 4.0 Fighting
 + Level 4.9 Maces & Flails
 + Level 2.5 Armour
 + Level 3.3 Dodging
 + Level 2.1 Stealth


You had 5 spell levels left.
You didn't know any spells.
Your spell library was empty.

Dungeon Overview and Level Annotations

Branches:
Dungeon (4/15)
 Temple: D:4-7

Altars:
Dithmenos
Fedhas
Qazlal

Shops:
D:4 *


Innate Abilities, Weirdness & Mutations

((You have hoof-like feet.))
((Your flesh is heat resistant. (rF+)))
You are immune to clouds of flame.
((When seriously injured, your bleeding wounds create armour. (AC +0)))
You have supernaturally acute eyesight. (SInv)
You possess an exceptional clarity of mind.
Your muscles are strong. (Str +2)


Message History

* * * LOW HITPOINT WARNING * * *
The orc priest barely misses you.
It was a potion of mutation.
You feel extremely strange.
You feel stronger.
Your vision sharpens.
Your thoughts seem clearer.
Your feet thicken and deform.
The orc hits you but does no damage. x2
The orc priest hits you with a +0 flail.
* * * LOW HITPOINT WARNING * * *
The orc closely misses you.
Really quaff the potion of lignification?
You turn into a tree.
Your scarf of resistance melds into your body.
Your cursed +0 pair of boots melds into your body.
Your +0 chain mail melds into your body.
You feel hot and cold all over.
Your roots penetrate the ground.
Your blood armour dries and flakes away.
The orc hits you but does no damage.
The orc priest invokes the aid of Beogh against you.
Beogh smites you!
You die...

#.......# .##
........### #...
..........# ##....
........#### ###.#.# .
..##.......###.....# ..
............#
.#.∩.##..#
............###........
[................#..#
................♣o..#
...........##...oo.##
..........##..).....#
...##.....##...%......
......................#
.#....#.#.............#
.....#...........#... .
................#... .#
#............


You could see an orc priest and 2 orcs.

Vanquished Creatures
  Grinder (D:3)
  Crazy Yiuf (D:2)
  An iguana (D:4)
  Ijyb (D:3)
  A worker ant (D:4)
  3 gnolls (D:4)
  4 adders
  3 worms
  2 dart slugs
  A leopard gecko (D:4)
  6 orcs
  4 bats
  5 giant cockroaches
  8 goblins
  4 hobgoblins
  3 jackals (D:4)
  4 kobolds
  2 quokkas (D:3)
  2 ball pythons
  5 frilled lizards
  5 rats
66 creatures vanquished.

Vanquished Creatures (others)
  8 toadstools (D:4)
8 creatures vanquished.

Grand Total: 74 creatures vanquished

Notes
Turn   | Place    | Note
-------+----------+-------------------------------------------
     0 | D:1      | Lennu the Demonspawn Berserker began the quest for the Orb.
     0 | D:1      | Reached XP level 1. HP: 18/18 MP: 1/1
   992 | D:1      | Gained mutation: When seriously injured, your bleeding
                  | wounds create armour. (AC +0) [demonic ancestry]
   992 | D:1      | Reached XP level 2. HP: 24/24 MP: 2/2
  1680 | D:2      | Found a runed translucent door.
  1681 | D:2      | Noticed Crazy Yiuf
  1688 | D:2      | Killed Crazy Yiuf
  1688 | D:2      | Gained mutation: You have large cloven feet. [demonic
                  | ancestry]
  1688 | D:2      | Reached XP level 3. HP: 29/29 MP: 3/3
  2095 | D:2      | Reached skill level 1 in Stealth
  2095 | D:2      | Gained mutation: Your flesh is heat resistant. (rF+)
                  | [demonic ancestry]
  2095 | D:2      | Reached XP level 4. HP: 18/35 MP: 4/4
  2530 | D:2      | Found a shadowy altar of Dithmenos.
  2621 | D:3      | Noticed Grinder
  2628 | D:3      | Killed Grinder
  2628 | D:3      | Reached XP level 5. HP: 35/42 MP: 5/5
  2628 | D:3      | Gained mutation: You are immune to clouds of flame.
                  | [demonic ancestry]
  2628 | D:3      | Reached XP level 6. HP: 40/48 MP: 6/6
  3173 | D:3      | Reached ** piety under Trog
  3378 | D:3      | Found a shadowy altar of Dithmenos.
  3428 | D:3      | Noticed Ijyb
  3442 | D:3      | Killed Ijyb
  4404 | D:4      | Found a stormy altar of Qazlal.
  4426 | D:4      | Found a blossoming altar of Fedhas.
  4653 | D:4      | Found Peawuc's General Store.
  4672 | D:4      | Gained mutation: Your muscles are strong. (Str +2) [potion
                  | of mutation]
  4672 | D:4      | Gained mutation: You have supernaturally acute eyesight.
                  | (SInv) [potion of mutation]
  4672 | D:4      | Gained mutation: You possess an exceptional clarity of
                  | mind. [potion of mutation]
  4672 | D:4      | Gained mutation: You have hoof-like feet. [potion of
                  | mutation]
  4672 | D:4      | HP: 2/48 [orc priest/+0 flail (4)]
  4673 | D:4      | Killed from afar by an orc priest

Skill      XL: |  1  2  3  4  5  6 |
---------------+-------------------+-----
Maces & Flails | 3 4 |  4.9
Armour         | 2 |  2.5
Dodging        | 2 3 |  3.3
Stealth        | 1 2 |  2.1
Fighting       | 4 |  4.0

Action                   |  1- 3 |  4- 6 || total
-------------------------+-------+-------++-------
Melee: Mace              |   112 |    76 ||   188
       Flail             |       |    93 ||    93
Invok: Berserk           |     2 |     6 ||     8
       Trog's Hand       |       |     1 ||     1
  Use: Scroll            |     2 |     2 ||     4
       Potion            |       |     2 ||     2
 Stab: Sleeping          |     3 |     2 ||     5
  Eat: Chunk             |     5 |    10 ||    15
       Ration            |       |     1 ||     1
Armor: Animal skin       |    46 |     5 ||    51
       Ring mail         |       |    35 ||    35
       Chain mail        |       |    18 ||    18
       Skin              |       |     1 ||     1
Dodge: Dodged            |    92 |   105 ||   197
